 Dungeon Crawl Stone Soup version 0.21.1-1-g345015f (webtiles) character file.

202 letownia2 the Conjurer (level 5, -6/28 HPs)
             Began as a Tengu Fire Elementalist on Mar 4, 2018.
             Mangled by a worm (10 damage)
             ... on level 3 of the Dungeon.
             The game lasted 00:04:54 (903 turns).

letownia2 the Conjurer (Tengu Fire Elementalist)     Turns: 903, Time: 00:04:54

Health: -6/28      AC:  2    Str:  8    XL:     5   Next: 80%
Magic:  0/9        EV: 13    Int: 16    God:
Gold:   90         SH:  0    Dex: 15    Spells: 4/8 levels left

rFire    . . .     SeeInvis .   f - +0 short sword
rCold    . . .     Gourm    .   (no shield)
rNeg     . . .     Faith    .   a - +0 robe
rPois    .         Spirit   .   (helmet restricted)
rElec    .         Reflect  .   (no cloak)
rCorr    .         Harm     .   (no gloves)
MR       .....                  (boots unavailable)
Stlth    ++........             (no amulet)
HPRegen  0.09/turn              (no ring)
MPRegen  0.11/turn              (no ring)

@: no status effects
A: beak, talons 3, able to fly 1
a: Fly


You were on level 3 of the Dungeon.
You were hungry.

You visited 1 branch of the dungeon, and saw 4 of its levels.

You collected 90 gold pieces.

Inventory:

Hand Weapons
 f - a +0 short sword (weapon)
 m - a +0 hunting sling
Armour
 a - a +0 robe (worn)
 i - a +3 ring mail
Scrolls
 d - 2 scrolls of fog {unknown}
 e - 2 scrolls of blinking {unknown}
 g - 2 scrolls of identify {unknown}
 j - a scroll of remove curse {unknown}
 l - a scroll of teleportation {unknown}
 n - a scroll of amnesia {unknown}
 s - a scroll of enchant weapon {unknown}
Potions
 h - 2 potions of heal wounds {unknown}
 k - a potion of haste {unknown}
 p - 2 potions of mutation {unknown}
 q - 2 potions of cancellation {unknown}
 r - a potion of brilliance {unknown}
Books
 b - a book of Flames

   Spells                             Type                      Level
   a - Flame Tongue                   Conjuration/Fire             1
   b - Throw Flame                    Conjuration/Fire             2
   c - Conjure Flame                  Conjuration/Fire             3
   d - Inner Flame                    Hexes/Fire                   3
   e - Sticky Flame                   Conjuration/Fire             4
   f - Fireball                       Conjuration/Fire             5
Comestibles
 c - a ration
 o - 3 chunks of flesh


   Skills:
 - Level 2.1 Dodging
 - Level 2.0 Stealth
 - Level 2.0 Spellcasting
 + Level 7.3 Conjurations
 - Level 3.2 Fire Magic


You had 4 spell levels left.
You knew the following spells:

 Your Spells              Type           Power        Failure   Level  Hunger
a - Flame Tongue          Conj/Fire      ###..        2%          1    #......
c - Conjure Flame         Conj/Fire      ###.....     7%          3    ###....


Dungeon Overview and Level Annotations

Branches:
Dungeon (4/15)
 Temple: D:4-7

Altars:


Innate Abilities, Weirdness & Mutations

You have a beak for a mouth.
You have claws for feet.
You can fly.


Message History

* * * LOW HITPOINT WARNING * * *
Unknown command.
You hit the worm but do no damage. You claw the worm.
The worm is severely wounded.
Unknown command.
There is a stone staircase leading up here.
You see here a club.
Casting: Flame Tongue
Confirm with . or Enter, or press ? or * to list all spells.
Aiming: Flame Tongue
Press: ? - help, Shift-Dir - straight line, f/p - worm
Aim: a worm (moderately wounded)
The flame tongue hits the worm.
The worm is almost dead.
Unknown command.
Unknown command.
You hit the worm. You claw the worm. You peck the worm.
The worm is almost dead.
The worm bites you!
You die...

#.....#.......#######
...(.#...... ....... #
#####........... .......
. .....#.# #....# ......
.....#.# #..#####.......
.
.....#.####...w....##..#
#.
.............####....#
#.
.....######..<.##.##.#
.... .....####...##.w@.#
.. ##...
.....#....#######..# .
.... #......#### ##....
####.. ..##.#..######
#..... ...#..
.###.........# #.... .
#.... .......#.##...
.... .. ##.#.
.............. ...
%..#..## ..)....###...
.. ........ .......#
#... ........


You could see a worm.

Vanquished Creatures
  An ice beast (D:2)
  A worker ant (D:2)
  4 adders
  A dart slug (D:1)
  A leopard gecko (D:2)
  4 bats
  6 giant cockroaches
  3 goblins
  4 hobgoblins
  5 jackals
  5 kobolds
  6 frilled lizards
  4 rats
45 creatures vanquished.

Notes
Turn   | Place    | Note
-------+----------+-------------------------------------------
     0 | D:1      | letownia2 the Tengu Fire Elementalist began the quest for the Orb.
     0 | D:1      | Reached XP level 1. HP: 10/10 MP: 4/4
    38 | D:1      | Reached skill level 2 in Conjurations
    84 | D:2      | Reached XP level 2. HP: 3/15 MP: 0/6
   111 | D:1      | Reached skill level 3 in Conjurations
   335 | D:3      | Reached skill level 4 in Conjurations
   335 | D:3      | Reached XP level 3. HP: 11/19 MP: 3/7
   343 | D:3      | Learned a level 3 spell: Conjure Flame
   495 | D:2      | Reached skill level 5 in Conjurations
   495 | D:2      | Reached XP level 4. HP: 9/24 MP: 0/8
   768 | D:3      | Noticed an ice beast
   827 | D:2      | Reached skill level 6 in Conjurations
   850 | D:2      | Killed an ice beast
   850 | D:2      | Reached skill level 7 in Conjurations
   850 | D:2      | Gained mutation: You can fly. [Tengu growth]
   850 | D:2      | Reached XP level 5. HP: 10/28 MP: 0/9
   903 | D:3      | Mangled by a worm

Skill      XL: |  1  2  3  4 |
---------------+-------------+-----
Conjurations   | 2 4 5 7 |  7.3
Dodging        | |  2.1
Stealth        | |  2.0
Spellcasting   | |  2.0
Fire Magic     | |  3.2

Action                   |  1- 3 |  4- 6 || total
-------------------------+-------+-------++-------
Melee: Unarmed           |     5 |       ||     5
       Short sword       |    23 |    15 ||    38
       Kick              |     7 |     3 ||    10
       Peck              |     3 |     4 ||     7
 Cast: Flame Tongue      |    40 |    43 ||    83
       Conjure Flame     |     1 |       ||     1
  Eat: Chunk             |       |     1 ||     1
Armor: Robe              |    11 |    10 ||    21
Dodge: Dodged            |    56 |    31 ||    87
